 Dungeon Crawl Stone Soup version 0.28.0-53-g5a82cb258f (webtiles) character file.

Game seed: 15959702486445573906

159 Sin92 the Skirmisher (level 5, 0/41 HPs)
             Began as a Demonspawn Fighter on Aug 16, 2022.
             Slain by Grinder (8 damage)
             ... on level 3 of the Dungeon.
             The game lasted 00:03:05 (2753 turns).

Sin92 the Skirmisher (Demonspawn Fighter)           Turns: 2753, Time: 00:03:06

Health: 0/41       AC:  6    Str: 19    XL:     5   Next: 17%
Magic:  5/5        EV:  9    Int:  7    God:
Gold:   70         SH:  8    Dex: 12    Spells: 4/4 levels left

rFire   . . .      SeeInvis .   k - +7 mace "Xuiro" {vorpal, *Rage rPois Will+++ Int-2}
rCold   . . .      Faith    .   c - +0 buckler
rNeg    . . .      Spirit   .   b - +0 scale mail
rPois   +          Reflect  .   (no helmet)
rElec   .          Harm     .   (no cloak)
rCorr   .          Rampage  .   (no gloves)
Will    +++..      Rage     20% (no boots)
Stlth   ..........              (no amulet)
HPRegen 0.13/turn               (no ring)
MPRegen 0.09/turn               (no ring)

@: on berserk cooldown, attractive, hasted and slowed
A: condensation shield, demonic touch 2
a: no special abilities


You were on level 3 of the Dungeon.
You visited 1 branch of the dungeon, and saw 3 of its levels.

You collected 70 gold pieces.

Inventory:

Hand Weapons
 a - a +1 war axe
 k - the +7 mace "Xuiro" (weapon) {vorpal, *Rage rPois Will+++ Int-2}
   (You found it on level 2 of the Dungeon)

   It inflicts extra damage upon your enemies.
   Int:       It affects your intelligence (-2).
   rPois:     It protects you from poison.
   *Rage:     It berserks you when you make melee attacks (+20% chance).
   Will:      It greatly increases your willpower.
Armour
 b - a +0 scale mail (worn)
 c - a +0 buckler (worn)
Wands
 l - a wand of polymorph (6)
 n - a wand of charming (6)
Scrolls
 g - a scroll of noise
 o - a scroll of identify
Potions
 d - a potion of might
 h - a potion of brilliance {unknown}
 j - a potion of invisibility {unknown}
 p - a potion of heal wounds


   Skills:
 + Level 3.6 Fighting
 + Level 3.0(3.1) Axes
 + Level 0.6(2.0) Maces & Flails
 + Level 3.2 Armour
 + Level 1.4 Dodging
 + Level 3.3 Shields


You had 4 spell levels left.
You didn't know any spells.
Your spell library contained the following spells:

 Spells                   Type           Power      Damage    Failure   Level
 Dazzling Flash           Conj/Hex       0%         N/A       99%         3
 Iskenderun's Mystic Bla  Conj/Tloc      0%         2d3       100%        4
 Starburst                Conj/Fire      0%         6d3       100%        6


Dungeon Overview and Level Annotations

Branches:
Dungeon (3/15)

Altars:
Ashenzari
Sif Muna

Annotations:
D:3 Grinder


Innate Abilities, Weirdness & Mutations

A meltable shield of frost defends you. (SH +4)
Your touch may inflict irresistible damage on your foes.


Message History

A red film seems to cover your vision as you go berserk!
You feel yourself moving faster!
You feel mighty!
You hit the hobgoblin but do no damage. The hobgoblin closely misses you.
Unknown command.
Calm down first, please.
You barely miss the hobgoblin. The hobgoblin barely misses you.
Unknown command.
Calm down first, please.
You sock the hobgoblin!
You kill the hobgoblin!
Grinder blinks!
Calm down first, please.
Unknown command.
No target in view!
You see here a hobgoblin corpse.
You feel a strong urge to attack something.
You feel your anger nearly subside.
You are no longer berserk.
You are exhausted.
You feel yourself slow down.
Grinder blinks!
You block Grinder's attack. Grinder hits you.
You writhe in agony.
Found a stone staircase leading up.
Grinder barely misses you. You block Grinder's attack. Grinder hits you.
You writhe in agony.
You completely miss Grinder. Grinder hits you!
You writhe in agony.
Grinder hits you. Grinder barely misses you.
You sock Grinder!
Grinder is moderately wounded.
Grinder blinks!
It was a potion of attraction.
You feel attractive to monsters. You block Grinder's attack.
You feel yourself speed up. Grinder gestures at you.
You resist with almost no effort. Grinder hits you.
* * * LOW HITPOINT WARNING * * *
You sock Grinder!
Grinder is heavily wounded.
Grinder hits you!
You die...

## .### #. ....# #.###..#
##.. #.#@...# #..#
#.#5##.# #..######
#.#.##.# #........
#.#.##.# #..######
######.#.##.#####..#
<..................######
######.#.###..†..........
#.#.# #.####.#######
#.#.....# #.#


You could see Grinder.

Vanquished Creatures
  Natasha (twice) (D:2)
  Terence (D:3)
  3 adders (D:2)
  A worm (D:2)
  3 ball pythons
  A bat (D:1)
  4 endoplasms
  4 goblins
  7 hobgoblins
  6 jackals
  4 quokkas
  4 frilled lizards
  5 kobolds
  6 rats
51 creatures vanquished.

Notes
Turn   | Place    | Note
-------+----------+-------------------------------------------
     0 | D:1      | Sin92 the Demonspawn Fighter began the quest for the Orb.
     0 | D:1      | Reached XP level 1. HP: 18/18 MP: 1/1
   289 | D:1      | Gained mutation: Your touch may inflict minor irresistible
                  | damage on your foes. [demonic ancestry]
   289 | D:1      | Reached XP level 2. HP: 16/24 MP: 2/2
   974 | D:2      | Gained mutation: Your touch may inflict irresistible damage
                  | on your foes. [demonic ancestry]
   974 | D:2      | Reached XP level 3. HP: 19/29 MP: 3/3
  1705 | D:2      | Noticed Natasha
  1717 | D:2      | Killed Natasha
  1718 | D:2      | Reached skill level 1 in Dodging
  1718 | D:2      | Reached XP level 4. HP: 24/35 MP: 4/4
  1774 | D:2      | Identified the +7 mace "Xuiro" {vorpal, *Rage rPois Will+++
                  | Int-2}
  1908 | D:2      | Found a shimmering blue altar of Sif Muna.
  2298 | D:2      | Noticed Natasha
  2305 | D:2      | Killed Natasha
  2563 | D:3      | Found a broken altar of Ashenzari.
  2604 | D:3      | Noticed Terence
  2608 | D:3      | Killed Terence
  2609 | D:3      | Gained mutation: A meltable shield of frost defends you.
                  | (SH +4) [demonic ancestry]
  2609 | D:3      | Reached XP level 5. HP: 34/41 MP: 5/5
  2729 | D:3      | Noticed Grinder
  2753 | D:3      | Slain by Grinder

Illustrated notes

Levels and vault maps discovered:
D:1:      dpeg_arrival_arbitrary_c, layout_loops_ring,
          nicolae_figureground_sparkle
D:2:      layout_basic, basic_altar, minivault_27,
          nicolae_concentric_dashed_squares_wild, uniq_natasha
D:3:      layout_loops_ring, mainiacjoe_overflow_chevrons,
          mainiacjoe_overflow_alcove_2, ebering_ecumenical_altar_petrified,
          nicolae_wormholes, uniq_grinder, uniq_terence, uniq_pargi

Skill      XL: |  1  2  3  4 |
---------------+-------------+-----
Axes           | 2 3 |  3.0
Shields        | 3 |  3.3
Armour         | 3 |  3.2
Dodging        | 1 |  1.4
Fighting       | |  3.6
Maces & Flails | |  0.6

Action                   |  1- 3 |  4- 6 || total
-------------------------+-------+-------++-------
Melee: War axe           |   100 |       ||   100
       Mace              |       |    33 ||    33
  Use: Scroll            |     3 |     2 ||     5
       Potion            |       |     2 ||     2
Armor: Scale mail        |    43 |     7 ||    50
Dodge: Dodged            |    48 |    17 ||    65
Block: Buckler           |    28 |     6 ||    34
